 Dungeon Crawl Stone Soup version 0.28-a0-674-gdaf460b524 (webtiles) character file.

Game seed: 877055864135371059

5278 Aneyh the Protected (level 10, -18/71 HPs)
             Began as a Human Fighter on Oct 17, 2021.
             Was a Priest of Hepliaklqana.
             Demolished by a large slime creature (28 damage)
             ... on level 9 of the Dungeon.
             The game lasted 00:22:26 (9878 turns).

Aneyh the Protected (Human Fighter)                 Turns: 9878, Time: 00:22:26

Health: -18/71     AC: 27    Str: 19    XL:     10   Next: 94%
Magic:  10/10      EV: 11    Int: 11    God:    Hepliaklqana [***...]
Gold:   558        SH:  5    Dex: 13    Spells: 9/9 levels left

rFire   . . .      SeeInvis .   a - +0 trident (protect)
rCold   . . .      Faith    .   c - +0 buckler
rNeg    . . .      Spirit   .   y - +0 scale mail
rPois   .          Reflect  .   o - +0 helmet
rElec   .          Harm     .   (no cloak)
rCorr   .          Rampage  .   (no gloves)
Will    .....                   l - +1 pair of boots
Stlth   +.........              q - amulet of magic regeneration
HPRegen 0.21/turn               J - +4 ring of protection
MPRegen 0.37/turn               B - +4 ring of protection

@: under a protective aura
A: reduced essence, hooves 1, clever 1, MP-powered wands
a: Renounce Religion, Recall Ancestor, Ancestor Identity, Transference


You were on level 9 of the Dungeon.
You worshipped Hepliaklqana.
Hepliaklqana was most pleased with you.
You visited 2 branches of the dungeon, and saw 10 of its levels.

You collected 558 gold pieces.

Inventory:

Hand Weapons
 a - a +0 trident of protection (weapon)
 b - the +7 mace of the Ecumenical Temple {vamp, rF+ Will+ Stlth+}
   (You found it on level 5 of the Dungeon)

   It occasionally heals its wielder for a portion of the damage dealt when it
   wounds a living foe.
   rF:        It protects you from fire.
   Will:      It increases your willpower.
   Stlth:     It makes you more stealthy.
 t - a +0 battleaxe
 x - a +0 long sword
 M - a +0 shortbow of freezing
Missiles
 m - a throwing net (quivered)
 p - 217 arrows
 R - 18 bolts
Armour
 c - a +0 buckler (worn)
 d - a +0 helmet
 l - a +1 pair of boots (worn)
 o - a +0 helmet (worn)
 y - a +0 scale mail (worn)
 G - the +0 leather armour of the Thinker {Will+}
   (You found it on level 7 of the Dungeon)

   Will:      It increases your willpower.
Jewellery
 j - a ring of resist corrosion
 q - an amulet of magic regeneration (around neck)
 v - a ring of ice
 B - a +4 ring of protection (right hand)
 J - a +4 ring of protection (left hand)
 N - a ring of magical power
 S - a ring of poison resistance
Wands
 K - a wand of mindburst (20)
 L - a wand of polymorph (6)
 Q - a wand of flame (15)
 T - a wand of digging (6)
Scrolls
 e - 2 scrolls of enchant weapon {unknown}
 i - 2 scrolls of summoning {unknown}
 n - 4 scrolls of teleportation {unknown}
 r - a scroll of holy word {unknown}
 u - a scroll of noise {unknown}
 w - 2 scrolls of fog {unknown}
 C - a scroll of acquirement {unknown}
 E - 2 scrolls of enchant armour {unknown}
 H - a scroll of torment {unknown}
 I - 2 scrolls of fear {unknown}
 O - 3 scrolls of identify
 P - a scroll of vulnerability {unknown}
Potions
 f - 2 potions of haste
 g - 4 potions of resistance
 h - 6 potions of brilliance
 k - 3 potions of attraction
 s - 3 potions of lignification {unknown}
 z - 5 potions of degeneration {unknown}
 A - 5 potions of curing {unknown}
 D - a potion of heal wounds {unknown}
 F - 2 potions of might


   Skills:
 + Level 7.1 Fighting
 + Level 4.5 Long Blades
 + Level 6.8 Maces & Flails
 + Level 1.0 Throwing
 + Level 8.5 Armour
 + Level 4.3 Dodging
 + Level 2.7 Stealth
 + Level 6.9 Shields


You had 9 spell levels left.
You didn't know any spells.
Your spell library contained the following spells:

 Spells                   Type           Power      Damage    Failure   Level
 Animate Skeleton         Necr           0%         N/A       65%         1
 Freeze                   Ice            0%         1d3       65%         1
 Pain                     Necr           0%         1d4       65%         1
 Conjure Flame            Conj/Fire      0%         6-21      95%         3
 Frozen Ramparts          Ice            0%         1d2       95%         3
 Ignite Poison            Fire/Tmut/Pois 0%         N/A       95%         3
 Inner Flame              Hex/Fire       0%         N/A       95%         3
 Mephitic Cloud           Conj/Pois/Air  0%         N/A       95%         3
 Vampiric Draining        Necr           0%         2d6       95%         3
 Cause Fear               Hex            0%         N/A       100%        4
 Hailstorm                Conj/Ice       0%         3d3       100%        4
 Sticky Flame             Conj/Fire      0%         2d3       100%        4
 Freezing Cloud           Conj/Ice/Air   0%         6-21      100%        5
 Discord                  Hex            0%         N/A       100%        8


Dungeon Overview and Level Annotations

Branches:
Dungeon (9/15)             Temple (1/1) D:4            Lair (0/6) D:8
    Orc: D:9-12

Altars:
Ashenzari
Cheibriados
Dithmenos
Fedhas
Gozag
Hepliaklqana
Kikubaaqudgha
Makhleb
Nemelex Xobeh
Okawaru
Sif Muna
Trog
Uskayaw
Vehumet
Xom
Yredelemnul
Zin
The Shining One

Shops:
D:7 *

Annotations:
D:8 Erica


Innate Abilities, Weirdness & Mutations

Your life essence is reduced to manifest your ancestor. (-10% HP)
You have large cloven feet.
Your mind is acute. (Int +2)
You expend magic power (3 MP) to strengthen your wands.


Message History

The puff of frost hits the two-headed ogre!
The two-headed ogre hits Hrothgar with a +0 giant club!!
The two-headed ogre closely misses Hrothgar.
You hit the two-headed ogre.
The two-headed ogre is heavily wounded.
Hrothgar points at the two-headed ogre and mumbles some strange words.
The puff of frost hits the two-headed ogre!
You block the large slime creature's attack.
Two slime creatures merge to form a very large slime creature.
The two-headed ogre hits Hrothgar with a +0 giant club!!
Hrothgar is destroyed!
You barely miss the two-headed ogre.
The two-headed ogre shouts in stereo!
The two-headed ogre is heavily wounded.
The two-headed ogre hits you with a +0 giant club!
The two-headed ogre closely misses you.
You hit the two-headed ogre.
The two-headed ogre is heavily wounded.
The very large slime creature closely misses you.
The two-headed ogre closely misses you.
The two-headed ogre hits you with a +0 giant spiked club!
You puncture the two-headed ogre!
The two-headed ogre is severely wounded.
A very large slime creature splits.
The two-headed ogre barely misses you.
The two-headed ogre hits you with a +0 giant spiked club!
You hit the two-headed ogre.
The two-headed ogre is severely wounded.
You block the large slime creature's attack.
The slime creature hits you but does no damage.
The two-headed ogre hits you with a +0 giant club.
The two-headed ogre barely misses you.
The large slime creature jiggles.
The large slime creature hits you!
* * * LOW HITPOINT WARNING * * *
You puncture the two-headed ogre!
The two-headed ogre is almost dead.
The slime creature hits you!
* * * LOW HITPOINT WARNING * * *
The large slime creature hits you!!
You die...

....#... ....... ......
##.... ##.... #.... ....
. .## #...###..... ..
....#.JO....... ...
......J@#.#..## ......
........###...##.#......
.........#.....#........
........................
..............#.........
#.......................
####...##...............
#.#####..............
#..^8^...............


You could see a large slime creature, a slime creature and a two-headed ogre.

Vanquished Creatures
  Grinder (D:6)
  A hornet (D:7)
  2 wyverns (D:8)
  A shadow (D:9)
  A steam dragon (D:6)
  2 ice beasts
  A sky beast (D:8)
  An ogre (D:5)
  A necrophage (D:4)
  A wolf (D:9)
  A phantom (D:7)
  A centaur (D:5)
  A lemure (D:8)
  A gnoll sergeant (D:6)
  2 bullfrogs (D:8)
  A scorpion (D:5)
  A water moccasin zombie (D:6)
  A howler monkey (D:5)
  A centaur zombie (D:6)
  A hound (D:5)
  A centaur skeleton (D:4)
  2 orc priests (D:4)
  A jelly (D:8)
  An iguana (D:6)
  A hound zombie (D:5)
  7 gnolls
  8 adders
  An ufetubus (D:4)
  A worm (D:2)
  9 dart slugs
  15 orcs
  3 bats
  3 endoplasms
  6 giant cockroaches
  5 goblins
  8 hobgoblins
  2 jackals (D:3)
  5 kobolds
  2 quokkas
  9 ball pythons
  13 frilled lizards
  5 rats
  A bush (D:8)
132 creatures vanquished.

Vanquished Creatures (collateral kills)
  A two-headed ogre (D:7)
  Pikel (D:8)
  An ugly thing (D:9)
  A slime creature (D:9)
  Grum (D:8)
  2 orc warriors (D:9)
  A black bear (D:7)
  2 ice beasts
  3 centaurs
  A wolf (D:8)
  2 lemures (D:8)
  A bullfrog (D:8)
  A water moccasin zombie (D:6)
  An orc priest (D:8)
  A bullfrog skeleton (D:6)
  An iguana (D:7)
  2 orc wizards
  2 killer bee zombies (D:7)
  A gnoll (D:6)
  A shadow imp (D:8)
  3 orcs
30 creatures vanquished.

Vanquished Creatures (others)
  3 battlemagi
  An ancestor (D:6)
4 creatures vanquished.

Grand Total: 166 creatures vanquished

Notes
Turn   | Place    | Note
-------+----------+-------------------------------------------
     0 | D:1      | Aneyh the Human Fighter began the quest for the Orb.
     0 | D:1      | Reached XP level 1. HP: 18/18 MP: 1/1
   204 | D:1      | Reached XP level 2. HP: 24/24 MP: 2/2
   489 | D:1      | Found a faded altar of an unknown god.
   928 | D:2      | Reached XP level 3. HP: 25/29 MP: 3/3
  1495 | D:2      | Reached XP level 4. HP: 27/35 MP: 4/4
  2452 | D:3      | Reached XP level 5. HP: 41/41 MP: 5/5
  3144 | D:4      | Reached XP level 6. HP: 21/47 MP: 6/6
  3153 | D:4      | HP: 2/47 [orc priest/nerve-wracking pain (11)]
  3488 | D:4      | Reached skill level 1 in Dodging
  3500 | D:4      | Found a staircase to the Ecumenical Temple.
  3536 | Temple   | Entered the Ecumenical Temple
  3547 | Temple   | Became a worshipper of Hepliaklqana the Forgotten
  3970 | D:4      | Noticed a necrophage
  4105 | D:4      | Killed a necrophage
  4106 | D:4      | Reached skill level 4 in Armour
  4106 | D:4      | Reached XP level 7. HP: 51/54 MP: 7/7
  4402 | D:5      | Entered Level 5 of the Dungeon
  4712 | D:5      | Identified the +7 mace of the Ecumenical Temple {vamp, rF+
                  | Will+ Stlth+}
  4799 | D:5      | Reached XP level 8. HP: 55/61 MP: 8/8
  4940 | D:5      | Reached * piety under Hepliaklqana
  5545 | D:6      | Reached skill level 5 in Shields
  5560 | D:6      | Reached skill level 1 in Maces & Flails
  5560 | D:6      | Reached skill level 5 in Armour
  5791 | D:6      | Noticed Grinder
  5828 | D:6      | Paralysed by Grinder for 4 turns
  5834 | D:6      | Killed Grinder
  5835 | D:6      | Reached skill level 5 in Fighting
  6071 | D:6      | Found an iron altar of Okawaru.
  6145 | D:6      | Reached skill level 1 in Stealth
  6214 | D:6      | Reached XP level 9. HP: 45/61 MP: 9/9
  6356 | D:6      | Gained mutation: Your mind is acute. (Int +2) [potion of
                  | mutation]
  6356 | D:6      | Gained mutation: You have large cloven feet. [potion of
                  | mutation]
  6356 | D:6      | Gained mutation: You expend magic power (3 MP) to
                  | strengthen your wands. [potion of mutation]
  6545 | D:6      | Reached skill level 6 in Armour
  6834 | D:7      | Reached ** piety under Hepliaklqana
  6841 | D:7      | Remembered your ancestor Hrothgar as a battlemage
  6940 | D:7      | Identified the +0 leather armour of the Thinker {Will+}
  6962 | D:7      | Found Tihexzid's Assorted Antiques.
  7186 | D:7      | Noticed a two-headed ogre
  7195 | D:7      | Killed a two-headed ogre
  7266 | D:7      | Noticed a hornet
  7274 | D:7      | Killed a hornet
  7275 | D:7      | Reached skill level 7 in Armour
  7904 | D:8      | Found a staircase to the Lair.
  7910 | D:8      | Noticed Grum
  7918 | D:8      | Reached XP level 10. HP: 42/68 MP: 10/10
  7957 | D:9      | Reached skill level 5 in Maces & Flails
  8105 | D:8      | Killed Grum
  8340 | D:8      | Noticed Pikel
  8352 | D:8      | Killed Pikel
  8466 | D:8      | Found a glowing golden altar of the Shining One.
  8702 | D:8      | Reached skill level 8 in Armour
  8895 | D:8      | Noticed Erica
  9351 | D:9      | Noticed a white ugly thing
  9365 | D:9      | Killed a white ugly thing
  9547 | D:9      | Found a burning altar of Makhleb.
  9795 | D:9      | Reached *** piety under Hepliaklqana
  9866 | D:9      | Noticed a two-headed ogre
  9871 | D:9      | Reached skill level 1 in Throwing
  9878 | D:9      | Demolished by a large slime creature

Illustrated notes

Levels and vault maps discovered:
D:1:      lightli_molten_gateway, layout_basic,
          hellmonk_ecumenical_altar_heavens_door, minmay_pentomino_s2
D:2:      layout_basic, moated_statue, minmay_lizard_pond
D:3:      kennysheep_slugbush, layout_loops_ring, gammafunk_ghost_stat_death
D:4:      layout_loops_cross, minmay_temple_entry_waves, roderic_roman_lattice
D:5:      layout_gridville, minmay_misc_feat_rows
D:6:      layout_gridville, kennysheep_okawaru_gauntlet,
          chequers_serial_rivers_small_a, uniq_grinder
D:7:      layout_cave_pods, serial_shops, shop
D:8:      layout_loops_cross, mainiacjoe_overflow_24_doors, lair_entry_dummy,
          kb_lookout_dungeons_type, uniq_pikel, uniq_erica, uniq_grum
D:9:      layout_cave_pools, amcnicky_altar_gilded,
          chequers_serial_rivers_small_b, ebering_dispersal_statue_hall,
          st_stairs_11, minivault_16
Temple:   minmay_freezing_vapour_temple

Skill      XL: |  1  2  3  4  5  6  7  8  9 10 |
---------------+-------------------------------+-----
Long Blades    | 3 4 |  4.5
Fighting       | 4 5 6 7 |  7.1
Dodging        | 1 2 3 4 |  4.3
Armour         | 4 5 7 8 |  8.5
Shields        | 4 5 6 |  6.9
Maces & Flails | 2 4 6 |  6.8
Stealth        | 1 2 |  2.7
Throwing       | 1 |  1.0

Action                   |  1- 3 |  4- 6 |  7- 9 | 10-12 || total
-------------------------+-------+-------+-------+-------++-------
Melee: Long sword        |   119 |   175 |       |       ||   294
       Trident           |       |    55 |   125 |    87 ||   267
       Mace              |       |       |    76 |    24 ||   100
Throw: Throwing net      |       |       |     1 |     1 ||     2
Invok: Ancestor Life: Ba |       |       |     1 |       ||     1
       Recall Ancestor   |       |       |       |     1 ||     1
  Use: Potion            |       |     1 |     2 |       ||     3
       Scroll            |       |       |     5 |       ||     5
 Stab: Distracted        |       |       |     1 |     1 ||     2
       Held in net/web   |       |       |     1 |       ||     1
Armor: Scale mail        |    85 |   124 |   127 |    61 ||   397
Dodge: Dodged            |    76 |   108 |    94 |    79 ||   357
Block: Buckler           |    30 |    79 |    60 |    40 ||   209

Table legend: (Time is in decaauts)
 A = Elapsed time spent in this place.
 B = Non-inter-level travel time spent in this place.
 C = Inter-level travel time spent in this place.
 D = Time resting spent in this place.
 E = Time spent auto-exploring this place.
 F = Levels seen in this place.
 G = Mean time per level.
                   A        B        C        D        E       F      G
               +--------+--------+--------+--------+--------+-----+--------+
         Total |  10050 |   9818 |    232 |   2471 |   5421 |  10 | 1005.0 |
       Dungeon |  10033 |   9801 |    232 |   2471 |   5421 |   9 | 1114.8 |
        Temple |     16 |     16 |      0 |      0 |      0 |   1 |   16.0 |
               +--------+--------+--------+--------+--------+-----+--------+

Top non-repeatable levels by time:
     D:4: 1591 daAuts
     D:6: 1317 daAuts
     D:1: 1244 daAuts
     D:7: 1182 daAuts
     D:8: 1143 daAuts
     D:5: 1132 daAuts
     D:2: 1031 daAuts
     D:9: 768 daAuts
     D:3: 622 daAuts
  Temple: 16 daAuts
